 Dungeon Crawl Stone Soup version bcrawl-1.36.4 (webtiles) character file.

Game seed: 13376011110670511130

320675 KarmaPolice the Covert (level 12, -8/76 HPs)
             Began as a Jungle Stalker Rogue on July 2, 2022.
             Was a Believer of Wu Jian.
             Mangled by a red ugly thing (24 damage)
             ... on level 11 of the Dungeon on July 10, 2022.
             The game lasted 01:30:45 (14048 turns).

KarmaPolice the Covert (Jungle Stalker Rogue)      Turns: 14048, Time: 01:30:46

Health: -8/76      AC:  7    Str: 19    XL:     12   Next: 16%
Magic:  20/20      EV: 11    Int:  9    God:    Wu Jian [**....]
Gold:   71         SH:  3    Dex: 16    Spells: 11/11 levels left

rFire    x . .     SeeInvis .   I - +8 great sword
rCold    + . .     Gourm    .   (shield currently unavailable)
rNeg     . . .     Faith    .   p - +0 troll leather armour
rPois    +         Spirit   .   q - +0 helmet
rElec    .         Reflect  .   d - +0 cloak
rCorr    .                      (no gloves)
MR       +....                  (no boots)
Stlth    ++++......             P - amulet of regeneration
HPRegen  2.02/turn              E - -2 ring of intelligence (curse)
MPRegen  0.17/turn              V - ring "Kuten Sorygo" {Ice Slay+3} (curse)

@: no status effects
A: fangs 3, poison resistance, regeneration 2, acidic bite, no potion heal 3,
rot immunity, strong jaws
a: Wall Jump, Serpent's Lash, Renounce Religion


You were on level 11 of the Dungeon.
You worshipped Wu Jian.
Wu Jian was pleased with you.
You were not hungry.

You visited 2 branches of the dungeon, and saw 12 of its levels.

You collected 620 gold pieces.
You spent 549 gold pieces at shops.

Inventory:

Hand Weapons
 a - a +2 dagger
 b - a +0 blowgun
 j - a +3 falchion of holy wrath
 I - a +8 great sword (weapon)
 M - a +2 short sword of venom
 R - a +1 scimitar of freezing
 W - a +4 scimitar of flaming
Missiles
 h - 237 poisoned needles
 y - 172 poisoned tomahawks (quivered)
 K - a throwing net {=f}
Armour
 d - a +0 cloak (worn)
 p - a +0 troll leather armour (worn)
 q - a +0 helmet (worn)
 N - a +1 chain mail of magic resistance
Jewellery
 o - an uncursed ring of insulation
 s - an uncursed ring of poison resistance
 B - the ring of Zuqu {Fire rN+}
   (You found it on level 5 of the Dungeon)

   [ring of fire]

   It enhances your fire magic.
   It protects you from fire.
   It makes you vulnerable to cold.
   It protects you from negative energy.
 E - a cursed -2 ring of intelligence (left hand)
 P - an amulet of regeneration (around neck)
 Q - an uncursed ring of wizardry
 V - the cursed ring "Kuten Sorygo" (right hand) {Ice Slay+3}
   (You bought it in a shop on level 11 of the Dungeon)

   [ring of ice]

   It enhances your ice magic.
   It affects your accuracy and damage with ranged weapons and melee attacks
   (+3).
   It makes you vulnerable to fire.
   It protects you from cold.
   It has a curse placed upon it.
Wands
 f - a wand of flame (5)
 g - a wand of charming (10)
 J - a wand of random effects (4)
 S - a wand of polymorph (6)
 U - a wand of paralysis (8)
Scrolls
 i - 6 scrolls of identify
 l - 5 scrolls of enchant weapon
 n - a scroll of blinking
 t - 5 scrolls of teleportation
 v - 2 scrolls of noise
 x - a scroll of amnesia
 z - a scroll of fog
 A - 2 scrolls of magic mapping
 C - 2 scrolls of enchant armour
 H - 2 scrolls of torment
 L - a scroll of remove curse
 O - a scroll of immolation {unknown}
Potions
 k - 2 potions of flight
 m - 4 potions of agility {unknown}
 r - 4 potions of haste
 u - 2 potions of might {unknown}
 w - a potion of resistance {unknown}
 D - a potion of berserk rage {unknown}
 F - a potion of heal wounds
 G - 2 potions of lignification {unknown}
 T - a potion of magic {unknown}
Comestibles
 c - 19 chunks of flesh
 e - 16 rations {!d}


   Skills:
 + Level 9.2 Fighting
 - Level 3.6(6.8) Short Blades
 + Level 9.0(9.3) Long Blades
 + Level 4.4 Armour
 - Level 10.0 Stealth
 + Level 9.8 Evocations


You had 11 spell levels left.
You didn't know any spells.
Your spell library contained the following spells:

 Spells                   Type           Power        Failure   Level  Hunger
 Corona                   Hex            #......      43%         1    None
 Magic Dart               Conj           #...         43%         1    None
 Searing Ray              Conj           #.......     56%         2    ####...
 Shackle                  Hex            #.......     56%         2    ####...
 False Image              Hex/Summ       #.......     80%         3    #####..
 Inner Flame              Hex/Fire       N/A          80%         3    #####..
 Iskenderun's Mystic Bla  Conj           #.......     80%         3    #####..
 Cause Fear               Hex            #.........   99%         4    ######.
 Fulminant Prism          Conj/Hex       #.........   99%         4    ######.
 Yara's Violent Unravell  Hex/Tmut       #.........   99%         4    ######.
 Irradiate                Conj/Tmut      #.........   100%        5    #######


Dungeon Overview and Level Annotations

Branches:
Dungeon (11/12)            Temple (1/1) D:5            Lair (0/6) D:7
    Orc: D:8-11      Vaults: D:11-12

Altars:
Ashenzari
Cheibriados
Dithmenos
Elyvilon
Fedhas
Gozag
Hepliaklqana
Kikubaaqudgha
Lugonu
Makhleb
Nemelex Xobeh
Okawaru
Qazlal
Ru
Sif Muna
Trog
Uskayaw
Vehumet
Wu Jian
Xom
Yredelemnul
Zin
The Shining One

Shops:
D:6 =   D:8 [   D:10 [   D:11 =


Innate Abilities, Weirdness & Mutations

You have razor-sharp teeth.
Your system is resistant to poisons. (rPois)
You heal very quickly.
You have acidic saliva.
Potions cannot restore your health.
You are immune to rotting.
Your bites deal extra damage.


Message History

Some of the chunks of flesh in your inventory have rotted away.
The red ugly thing tail-slaps you.
You are engulfed in flames!!
The fire burns you terribly! The red ugly thing tail-slaps you!
You are engulfed in flames!!
The fire burns you terribly! The red ugly thing tail-slaps you!
You are engulfed in flames!!
The fire burns you terribly!
* * * LOW HITPOINT WARNING * * *
The red ugly thing tail-slaps you but does no damage.
The red ugly thing tail-slaps you!
You are engulfed in flames!!
The fire burns you terribly!
You see here a +1 vampiric whip.
You see here a +0 leather armour.
The red ugly thing tail-slaps you!
You are engulfed in flames!!
The fire burns you terribly!
* * * LOW HITPOINT WARNING * * *
The red ugly thing tail-slaps you!
* * * LOW HITPOINT WARNING * * *
You are engulfed in flames!!
The fire burns you terribly!
You die...

.#.....#......# ............##..
##.....####'###### ..##+######..
.............#...#...#.......# ..
#######'####.#...#...#.......# .
...........#.#.#.'. #.......#
#####......#.'...#####.......#
...........#'#...............##+#
...................##............
#.......#...#..u@..##..........##
.................................
#################################


You could see a red ugly thing.

Vanquished Creatures
  Erolcha (D:10)
  2 vault guards
  Erica (D:9)
  A two-headed ogre (D:9)
  A tengu warrior (D:9)
  3 ugly things
  A cane toad (shapeshifter) (D:10)
  An efreet (D:9)
  A tengu conjurer (D:11)
  A troll (D:10)
  11 slime creatures
  2 hippogriffs
  A human (D:11)
  10 yaks
  A hungry ghost (D:11)
  Menkaure (D:4)
  2 water moccasins
  2 ice beasts
  2 orc warriors
  A cane toad skeleton (D:10)
  A sky beast (D:9)
  A black bear (D:7)
  A phantom (D:6)
  6 ogres
  5 bullfrogs
  An elf skeleton (D:7)
  2 centaurs
  A water moccasin zombie (D:5)
  A scorpion (D:6)
  A water moccasin skeleton (D:5)
  6 killer bees
  3 orc priests
  4 wights
  7 crimson imps
  3 bullfrog zombies
  A quasit (D:5)
  5 hounds
  A human zombie (D:7)
  A jelly (D:9)
  5 orc wizards
  3 bullfrog skeletons
  Natasha (thrice) (D:4 D:7)
  An iguana (D:4)
  4 human skeletons (D:7)
  4 worker ants
  A hound zombie (D:5)
  A worker ant zombie (D:5)
  10 gnolls
  3 adders
  3 shadow imps
  An adder skeleton (D:5)
  An adder zombie (D:6)
  A worm (D:3)
  4 dart slugs
  A leopard gecko (D:5)
  24 orcs
  2 giant cockroaches
  3 goblins
  5 hobgoblins
  9 jackals
  3 quokkas (D:5)
  3 ball pythons
  4 bats
  3 frilled lizards
  9 kobolds
  5 rats
213 creatures vanquished.

Vanquished Creatures (collateral kills)
  An orc warrior (D:6)
1 creature vanquished.

Vanquished Creatures (others)
  A killer bee zombie (D:7)
1 creature vanquished.

Grand Total: 215 creatures vanquished

Notes
Turn   | Place    | Note
-------+----------+-------------------------------------------
     0 | D:1      | KarmaPolice the Vine Stalker Rogue began the quest for the
                  | Orb.
     0 | D:1      | Reached XP level 1. HP: 12/12 MP: 3/3
   124 | D:1      | Reached skill level 6 in Stealth
   124 | D:1      | Reached XP level 2. HP: 13/17 MP: 4/4
   365 | D:1      | Reached XP level 3. HP: 21/21 MP: 5/5
   608 | D:2      | Reached skill level 1 in Long Blades
  1229 | D:3      | Reached XP level 4. HP: 26/27 MP: 6/6
  1556 | D:3      | Reached XP level 5. HP: 21/31 MP: 6/8
  1739 | D:3      | Found a radiant altar of Vehumet.
  1751 | D:3      | Found a sparkling altar of Nemelex Xobeh.
  1753 | D:3      | Found a hazy altar of Hepliaklqana.
  1754 | D:3      | Found a corrupted altar of Lugonu.
  1755 | D:3      | Found a shimmering blue altar of Sif Muna.
  1956 | D:4      | Noticed Natasha
  1970 | D:4      | Killed Natasha
  1971 | D:4      | Reached skill level 7 in Stealth
  2053 | D:4      | Noticed Natasha
  2069 | D:4      | Killed Natasha
  2106 | D:4      | Noticed Natasha
  2138 | D:4      | Gained mutation: You have razor-sharp teeth. [Vine Stalker
                  | growth]
  2138 | D:4      | Reached XP level 6. HP: 37/37 MP: 9/9
  2262 | D:4      | Found a shattered altar of Ashenzari.
  2265 | D:4      | Found an ornate altar of the Wu Jian Council.
  2267 | D:4      | Found a white marble altar of Elyvilon.
  2268 | D:4      | Noticed Menkaure
  2417 | D:5      | Entered Level 5 of the Dungeon
  2722 | D:5      | Got a coiled ivory ring
  2740 | D:5      | Identified the ring of Zuqu {Fire rN+} (You found it on
                  | level 5 of the Dungeon)
  2804 | D:5      | Found a shimmering altar of Xom.
  2849 | D:5      | Found an ancient bone altar of Kikubaaqudgha.
  2903 | D:5      | Reached XP level 7. HP: 41/41 MP: 10/10
  3076 | D:5      | Found a staircase to the Ecumenical Temple.
  3085 | Temple   | Entered the Ecumenical Temple
  3444 | D:4      | Became a worshipper of the Wu Jian Council
  3727 | D:5      | Reached skill level 8 in Stealth
  4014 | D:6      | Found Fiqounl Onur's Jewellery Shoppe.
  4120 | D:5      | Gained mutation: You have acidic saliva. [Jungle Stalker
                  | growth]
  4120 | D:5      | Gained mutation: Your system is resistant to poisons.
                  | (rPois) [Jungle Stalker growth]
  4120 | D:5      | Reached XP level 8. HP: 4/48 MP: 11/12
  4238 | D:6      | Noticed a hippogriff
  4547 | D:6      | Reached skill level 9 in Stealth
  4818 | D:6      | Reached skill level 5 in Evocations
  5613 | D:4      | Killed Menkaure
  5614 | D:4      | Reached skill level 5 in Long Blades
  5614 | D:4      | Reached skill level 10 in Stealth
  5758 | D:7      | Reached XP level 9. HP: 52/52 MP: 14/14
  5917 | D:7      | Noticed a death yak
  5928 | D:7      | Killed Natasha
  6082 | D:7      | Found a staircase to the Lair.
  6082 | D:7      | Noticed a death yak
  6082 | D:7      | Noticed a death yak
  6082 | D:7      | Noticed a death yak
  6282 | D:7      | Reached skill level 5 in Fighting
  6627 | D:7      | Reached * piety under Wu Jian
  6667 | D:7      | Noticed a death yak
  6970 | D:7      | Noticed a komodo dragon
  7244 | D:8      | Found Atua's Armour Boutique.
  7387 | D:8      | Reached XP level 10. HP: 60/60 MP: 16/16
  7508 | D:8      | Reached skill level 1 in Armour
  7534 | D:8      | Found a white marble altar of Elyvilon.
  7933 | D:9      | Noticed a white ugly thing
  8077 | D:9      | Noticed a two-headed ogre
  8482 | D:9      | Noticed a tengu warrior
  8528 | D:10     | Entered Level 10 of the Dungeon
  8540 | D:10     | Noticed a cane toad
  8636 | D:9      | Noticed Erica
  9228 | D:10     | Noticed Erolcha
  9228 | D:10     | Noticed a brown ugly thing
  9797 | D:9      | Killed a white ugly thing
 10486 | D:10     | Found Kappok's Antique Armour Shop.
 10689 | D:10     | Killed a brown ugly thing
 10718 | D:10     | Killed a cane toad
 10847 | D:10     | Reached XP level 11. HP: 62/67 MP: 18/18
 11087 | D:10     | Noticed a purple ugly thing
 11313 | D:10     | Killed a purple ugly thing
 11825 | D:11     | Reached ** piety under Wu Jian
 11844 | D:11     | Noticed a vault guard
 11844 | D:11     | Noticed a vault guard
 11844 | D:11     | Noticed a vault guard
 11844 | D:11     | Noticed a vault guard
 11861 | D:11     | Killed a vault guard
 12061 | D:11     | Noticed an orc knight
 12069 | D:10     | Killed a vault guard
 12186 | D:11     | Noticed a cyclops
 12279 | D:11     | Noticed an orc knight
 12479 | D:11     | Found Pam Meurgh's Jewellery Shop.
 12504 | D:11     | Bought the cursed ring "Kuten Sorygo" {Ice Slay+3} for 549
                  | gold pieces
 12546 | D:10     | Killed Erolcha
 12631 | D:9      | Killed a two-headed ogre
 12980 | D:9      | Killed a tengu warrior
 12981 | D:9      | Gained mutation: You heal very quickly. [Jungle Stalker
                  | growth]
 12981 | D:9      | Reached XP level 12. HP: 51/76 MP: 20/20
 13519 | D:9      | Killed Erica
 13859 | D:11     | Noticed a centaur warrior
 14048 | D:11     | Mangled by a red ugly thing

Skill      XL: |  1  2  3  4  5  6  7  8  9 10 11 12 |
---------------+-------------------------------------+-----
Stealth        | 6 7 8 10 | 10.0
Fighting       | 2 3 4 6 7 9 |  9.2
Evocations     | 2 3 4 5 7 8 9 |  9.8
Long Blades    | 1 2 3 5 6 7 8 9 |  9.0
Short Blades   | 3 |  3.6
Armour         | 3 4 |  4.4

Action                   |  1- 3 |  4- 6 |  7- 9 | 10-12 || total
-------------------------+-------+-------+-------+-------++-------
Melee: Dagger            |     7 |       |     5 |     2 ||    14
       Falchion          |    77 |    80 |   271 |    47 ||   475
       Bite              |     3 |     9 |    41 |    39 ||    92
       Short sword       |       |       |       |    99 ||    99
       Great sword       |       |       |       |   132 ||   132
 Fire: Blowgun           |       |    31 |    31 |       ||    62
Throw: Tomahawk          |       |       |    23 |    12 ||    35
Invok: Whirlwind         |       |       |    82 |   121 ||   203
       Lunge             |       |       |    25 |    52 ||    77
 Abil: Wall Jump         |       |       |       |     1 ||     1
Evoke: Wand              |       |     1 |     8 |     9 ||    18
  Use: Scroll            |       |       |     3 |    10 ||    13
       Potion            |       |       |       |     4 ||     4
 Stab: Sleeping          |    13 |     4 |    13 |     8 ||    38
       Distracted        |       |     1 |     2 |     2 ||     5
       Paralysed         |       |       |       |     2 ||     2
  Eat: Chunk             |     3 |     6 |    14 |    14 ||    37
       Ration            |       |       |     3 |     4 ||     7
Armor: Robe              |    21 |     8 |    43 |    10 ||    82
       Troll leather arm |       |       |       |    38 ||    38
Dodge: Dodged            |    39 |    34 |   134 |    99 ||   306
Block: Other             |       |       |     8 |     8 ||    16
